 Dungeon Crawl Stone Soup version 0.24-a0-530-g18ba70b503 (webtiles) character file.

Game seed: 12031900593309881949

1 FishyPogo the Stinger (level 1, -6/15 HPs)
             Began as a Naga Venom Mage on Aug 7, 2019.
             Mangled by a gnoll
             ... wielding a +3 spear
              (8 damage)
             ... on level 1 of the Dungeon.
             The game lasted 00:02:42 (122 turns).

FishyPogo the Stinger (Naga Venom Mage)              Turns: 122, Time: 00:02:43

Health: -6/15      AC:  1    Str: 10    XL:     1   Next: 20%
Magic:  0/3        EV: 10    Int: 15    God:
Gold:   53         SH:  0    Dex: 11    Spells: 3/4 levels left

rFire    x . .     SeeInvis +   (no weapon)
rCold    + . .     Gourm    .   (no shield)
rNeg     . . .     Faith    .   a - +0 robe
rPois    +         Spirit   .   (no helmet)
rElec    .         Reflect  .   (no cloak)
rCorr    .         Harm     .   (no gloves)
MR       .....                  (no barding)
Stlth    ++........             (no amulet)
HPRegen  0.05/turn              e - ring of ice
MPRegen  0.08/turn              (no ring)

@: very slow
A: large, see invisible, deformed body, poison resistance, slowness 2, slow
metabolism 1, spit poison 1, AC +0
a: Spit Poison


You were on level 1 of the Dungeon.
You were not hungry.

You visited 1 branch of the dungeon, and saw 1 of its levels.

You collected 53 gold pieces.

Inventory:

Missiles
 f - 14 stones (quivered)
Armour
 a - a +0 robe (worn)
Jewellery
 e - a ring of ice (left hand)
Scrolls
 b - a scroll of identify {unknown}
 d - a scroll of magic mapping {unknown}
Comestibles
 c - a ration


   Skills:
 * Level 1.6 Dodging
 - Level 3.0 Stealth
 + Level 2.0 Spellcasting
 * Level 1.0 Conjurations
 + Level 4.0 Poison Magic


You had 3 spell levels left.
You knew the following spells:

 Your Spells              Type           Power        Failure   Level  Hunger
a - Sting                 Conj/Pois      #...         8%          1    #......

Your spell library contained the following spells:

 Spells                   Type           Power        Failure   Level  Hunger
 Poisonous Vapours        Pois/Air       #.....       14%         2    ###....
 Mephitic Cloud           Conj/Pois/Air  #.......     32%         3    ###....
 Olgreb's Toxic Radiance  Pois           ##......     38%         4    #####..
 Venom Bolt               Conj/Pois      #.........   91%         5    ######.


Dungeon Overview and Level Annotations

Branches:
Dungeon (1/15)

Altars:


Innate Abilities, Weirdness & Mutations

You cannot wear boots.
Your serpentine skin is tough. (AC +0)
You have supernaturally acute eyesight. (SInv)
Armour fits poorly on your strangely shaped body.
Your system is resistant to poisons. (rPois)
You cover ground very slowly.
You have a slow metabolism.
You can spit poison.


Message History

* * * LOW HITPOINT WARNING * * *
Casting: Sting (safe; 8% risk of failure)
Confirm with . or Enter, or press ? or * to list all spells.
Aiming: Sting (safe; 8% risk of failure)
Press: ? - help, Shift-Dir - straight line, f/p - gnoll
Aim: a gnoll, wielding a +3 spear (moderately wounded, poisoned)
The sting hits the gnoll.
The gnoll looks even sicker.
The gnoll is moderately wounded.
The gnoll barely misses you.
Casting: Sting (safe; 8% risk of failure)
Confirm with . or Enter, or press ? or * to list all spells.
Aiming: Sting (safe; 8% risk of failure)
Press: ? - help, Shift-Dir - straight line, f/p - gnoll
Aim: a gnoll, wielding a +3 spear (moderately wounded, poisoned)
The sting hits the gnoll.
The gnoll is severely wounded.
You have got your breath back.
The gnoll hits you from afar with a +3 spear!
Ouch! That really hurt!
You die...

##...## #######.....#
.. .........# #.
##.......# #.
#.......##### #.
#............ #.
#......# #g###...#.#
#..@...##.##########
#########.##........
#.##.####### #.#...##
########......##
#..............#
#.###..........## #.#
#.#.........#
.######.###.#.#.....#.#


You could see a gnoll.

Vanquished Creatures
  A bat (D:1)
  A rat (D:1)
2 creatures vanquished.

Notes
Turn   | Place    | Note
-------+----------+-------------------------------------------
     0 | D:1      | FishyPogo the Naga Venom Mage began the quest for the Orb.
     0 | D:1      | Reached XP level 1. HP: 15/15 MP: 3/3
   122 | D:1      | Mangled by a gnoll

Levels and vault maps discovered:
D:1:      giann_forest_graveyard, layout_loops_ring, serial_bayou_pond_d

Action                   || total
-------------------------++-------
Melee: Unarmed           ||     2
 Cast: Sting             ||     5
 Abil: Spit Poison       ||     3
Armor: Robe              ||     2
Dodge: Dodged            ||     5

Table legend:
 A = Non-vault XP
 B = Vault XP
 C = Vault XP percentage of total XP
 D = Non-vault monster count
 E = Vault monster count
 F = Vault count percentage of total count
                 A         B        C        D         E       F
            +---------+---------+-------+---------+---------+-------
      Total |       2 |       0 |   0.0 |       2 |       0 |   0.0
            +---------+---------+-------+---------+---------+-------
        D:1 |       2 |       0 |   0.0 |       2 |       0 |   0.0
            +---------+---------+-------+---------+---------+-------
